AoeStats
← Camarogo7150

Nomad

506169730Analyzed
2v2 RM · 21d ago on Sep 12, 2026· 43m 31s· 4 players
Game mode
Random Map
Map size
176×176
Population
200
Speed
Normal
Resources
Standard
Victory
Conquest
Starting age
Dark Age
Ending age
Imperial Age
RankedLock teamsTeams togetherTeam positionsShared explorationLock speedFull tech treeHidden civsTurbo modeCheats
Victory
Defeat
🇺🇸 Italians · United States
1165
+16
🇲🇽 Dravidians · Mexico
1164
+16
🇺🇸 Vietnamese · United States
1186
-17
🇮🇳 Aztecs · India
1130
-15
JonMar
5:11 Loom
13:13 Feudal Age
14:06 Fishing Lines
14:32 Horse Collar
14:42 Town Watch
15:50 Wheelbarrow
17:46 Scale Barding Armor
17:52 Forging
22:55 Castle Age
22:34 Stone Mining
23:46 Light Cavalry
24:52 Chain Barding Armor
25:07 Iron Casting
25:58 Husbandry
27:16 Hand Cart
30:12 Heavy Plow
31:36 Scale Mail Armor
36:07 Imperial Age
36:49 Chain Mail Armor
38:18 Blast Furnace
38:50 Plate Mail Armor
38:48 Conscription
39:11 Elite Urumi Swordsman
40:07 Gillnets
WasItSafe
6:44 Loom
13:08 Feudal Age
18:28 Castle Age
16:47 Fishing Lines
17:17 Fletching
17:26 Stone Mining
17:30 Double-Bit Axe
20:50 Wheelbarrow
20:21 Bodkin Arrow
22:06 Hand Cart
24:28 Gillnets
31:51 Imperial Age
33:08 Ballistics
33:50 Chemistry
32:52 Padded Archer Armor
33:43 Medium Warships
33:37 Gold Mining
37:03 Conscription
38:03 Bracer
38:18 Leather Archer Armor
42:01 Elite Genoese Crossbowman
44:23 Hoardings
jellyman123
5:41 Loom
14:19 Feudal Age
17:07 Double-Bit Axe
17:08 Horse Collar
19:29 Castle Age
20:18 Wheelbarrow
21:07 Bow Saw
21:54 Forging
22:23 Stone Mining
31:03 Fletching
32:47 Padded Archer Armor
33:31 Bodkin Arrow
33:44 Heavy Plow
38:39 Imperial Age
37:10 Leather Archer Armor
38:08 Iron Casting
37:39 Scale Barding Armor
37:13 Elite Skirmisher
39:35 Bracer
39:11 Imperial Skirmisher
40:44 Paper Money
41:30 Paper Money
40:34 Elite Rattan Archer
43:39 Ballistics
44:19 Chemistry
43:28 Thumb Ring
Camarogo7150
3:47 Loom
17:35 Feudal Age
21:51 Castle Age
20:32 Man-at-Arms
20:59 Arson
21:27 Forging
21:18 Scale Mail Armor
22:37 Long Swordsman
23:04 Gambesons
23:20 Squires
23:58 Iron Casting
24:07 Chain Mail Armor
32:38 Wheelbarrow
31:48 Town Watch
32:31 Pikeman
34:29 Eagle Warrior
43:35 Padded Archer Armor
43:25 Fletching
Connection lost

Rejoining the realm…

Still unreachable

The connection could not be restored.

Session expired

The server has moved on; the page needs a fresh start.